 Dungeon Crawl Stone Soup version 0.24.1-14-gf8d2b509d9 (webtiles) character file.

Game seed: 8168510034369685055, levelgen mode: deterministic

2100 Peloso the Slasher (level 9, -15/68 HPs)
             Began as a Demonspawn Fighter on May 30, 2020.
             Was a Follower of Okawaru.
             Demolished by a two-headed ogre
             ... wielding a cursed -1 giant club
              (17 damage)
             ... on level 8 of the Dungeon.
             The game lasted 00:15:16 (6381 turns).

Peloso the Slasher (Demonspawn Fighter)             Turns: 6381, Time: 00:15:17

Health: -15/68     AC: 14    Str: 20    XL:     9   Next: 7%
Magic:  0/9        EV:  4    Int:  9    God:    Okawaru [*.....]
Gold:   430        SH: 10    Dex: 13    Spells: 8/8 levels left

rFire    . . .     SeeInvis .   a - +1 long sword
rCold    . . .     Gourm    .   c - +0 shield
rNeg     . . .     Faith    +   e - +0 plate armour
rPois    .         Spirit   +   (helmet restricted)
rElec    .         Reflect  .   (no cloak)
rCorr    .         Harm     .   (no gloves)
MR       .....                  (no boots)
Stlth    ..........             m - amulet of faith
HPRegen  0.21/turn              (no ring)
MPRegen  0.22/turn              (no ring)

@: no status effects
A: horns 1, slimy green scales 1, demonic guardian 1, magic shield, magic
regeneration
a: Heroism, Renounce Religion


You were on level 8 of the Dungeon.
You worshipped Okawaru.
Okawaru was aware of your devotion.
You were hungry.

You visited 2 branches of the dungeon, and saw 9 of its levels.

You collected 430 gold pieces.

Inventory:

Hand Weapons
 a - a +1 long sword (weapon)
 b - a +1 hand axe of freezing
Armour
 c - a +0 shield (worn)
 e - a +0 plate armour (worn)
 j - the +2 pair of boots of Curyutae {-Tele +Fly rN+++ Str-3}
   (You found it on level 5 of the Dungeon)

   It affects your strength (-3).
   It renders you almost immune to negative energy.
   It lets you fly.
   It prevents most forms of teleportation.
 r - a +0 helmet
Jewellery
 m - an amulet of faith (around neck)
Wands
 o - a wand of polymorph (7)
 u - a wand of scattershot (4)
 x - a wand of iceblast (10)
Scrolls
 g - 2 scrolls of identify
 h - 2 scrolls of remove curse
 n - 3 scrolls of fear {unknown}
 q - a scroll of teleportation
 t - a scroll of vulnerability {unknown}
 w - a scroll of magic mapping {unknown}
Potions
 d - 2 potions of might
 i - a potion of heal wounds
 k - 2 potions of curing
 l - 2 potions of magic
 p - 2 potions of resistance
 s - 2 potions of berserk rage
 v - a potion of mutation
Comestibles
 f - 9 rations


   Skills:
 + Level 5.0 Fighting
 + Level 7.4 Long Blades
 + Level 5.1 Armour
 + Level 0.3 Dodging
 + Level 0.1 Stealth
 + Level 6.3 Shields
 + Level 0.2 Invocations


You had 8 spell levels left.
You didn't know any spells.
Your spell library contained the following spells:

 Spells                   Type           Power        Failure   Level  Hunger
 Animate Skeleton         Necr           N/A          100%        1    ##.....
 Apportation              Tloc           #.....       100%        1    ##.....
 Confusing Touch          Hex            #.....       100%        1    ##.....
 Infusion                 Chrm           #...         100%        1    ##.....
 Pain                     Necr           #...         100%        1    ##.....
 Summon Small Mammal      Summ           #...         100%        1    ##.....
 Shroud of Golubria       Chrm/Tloc      #.....       100%        2    ###....
 Song of Slaying          Chrm           #.......     100%        2    ###....
 Regeneration             Chrm/Necr      #.........   100%        3    ####...
 Spectral Weapon          Hex/Chrm       #.......     100%        3    ####...
 Vampiric Draining        Necr           #.........   100%        3    ####...
 Animate Dead             Necr           N/A          100%        4    #####..


Dungeon Overview and Level Annotations

Branches:
Dungeon (8/15)             Temple (1/1) D:6
   Lair: D:8-11

Altars:
Ashenzari
Cheibriados
Dithmenos
Fedhas
Gozag
Kikubaaqudgha
Makhleb
Okawaru
Trog
Vehumet
Wu Jian

Shops:
D:4 %[


Innate Abilities, Weirdness & Mutations

You have a pair of small horns on your head.
You are partially covered in slimy green scales. (AC +2)
A weak demonic guardian rushes to your aid.
When hurt, damage is shared between your health and your magic reserves.
You regenerate magic rapidly.


Message History

The two-headed ogre is heavily wounded.
The two-headed ogre hits you with a cursed -1 giant club.
* * * LOW HITPOINT WARNING * * *
The two-headed ogre barely misses you.
You slash the two-headed ogre!
Your headbutt misses the two-headed ogre.
The two-headed ogre is severely wounded.
The two-headed ogre hits you with a cursed -1 giant club!
* * * LOW HITPOINT WARNING * * *
The two-headed ogre hits you with a +0 giant spiked club.
* * * LOW HITPOINT WARNING * * *
You slash the two-headed ogre!
The two-headed ogre is almost dead.
Your white imp disappears in a puff of smoke!
You block the two-headed ogre's attack.
The two-headed ogre hits you but does no damage.
You hit the two-headed ogre.
The two-headed ogre is almost dead.
The two-headed ogre hits you with a cursed -1 giant club!!
You die...

#..# #..# ### #..# #..
#..# #.# #..# #.# #..#
#.# # #######..# ##.##
###.##
..)......###((ยง##.....#
########.....#55@O# #
#.###..5##.....# # #.#
##.## ###.## # #.# #.# #
# #.# #.# # #.# #.# #
#.# #.# ..#


You could see a two-headed ogre, 2 friendly quasits and a friendly shadow imp.

Vanquished Creatures
  A phantom (D:5)
  3 sky beasts
  An orc warrior (D:7)
  An ogre (D:8)
  2 centaurs
  A bullfrog (D:7)
  2 scorpions
  A howler monkey (D:6)
  A crimson imp (D:6)
  A bullfrog zombie (D:6)
  6 hounds
  2 orc priests (D:5)
  7 iguanas
  5 orc wizards
  8 worker ants
  3 gnolls (D:2)
  12 adders
  2 shadow imps
  2 adder skeletons
  2 worms
  A dart slug (D:1)
  3 leopard geckos
  19 orcs
  6 giant cockroaches
  6 goblins
  4 hobgoblins
  4 jackals
  8 kobolds
  3 quokkas
  5 bats
  2 frilled lizards
  2 quokka skeletons
  11 rats
137 creatures vanquished.

Vanquished Creatures (collateral kills)
  A water moccasin (D:6)
  A centaur zombie (D:7)
  A hound (D:6)
  4 orc wizards
  A centaur skeleton (D:6)
  An iguana (D:7)
  A worker ant (D:5)
  A hound skeleton (D:6)
  2 orcs (D:4)
13 creatures vanquished.

Vanquished Creatures (others)
  A centaur zombie (D:6)
1 creature vanquished.

Grand Total: 151 creatures vanquished

Notes
Turn   | Place    | Note
-------+----------+-------------------------------------------
     0 | D:1      | Peloso the Demonspawn Fighter began the quest for the Orb.
     0 | D:1      | Reached XP level 1. HP: 18/18 MP: 1/1
   193 | D:1      | Gained mutation: When hurt, damage is shared between your
                  | health and your magic reserves. [demonic ancestry]
   193 | D:1      | Reached XP level 2. HP: 22/24 MP: 2/2
   795 | D:1      | Reached skill level 2 in Long Blades
  1083 | D:2      | Reached XP level 3. HP: 22/29 MP: 3/3
  1495 | D:2      | Reached XP level 4. HP: 30/35 MP: 4/4
  2255 | D:3      | Found an ancient bone altar of Kikubaaqudgha.
  2288 | D:3      | Reached skill level 3 in Long Blades
  2288 | D:3      | Gained mutation: A weak demonic guardian rushes to your
                  | aid. [demonic ancestry]
  2288 | D:3      | Reached XP level 5. HP: 36/41 MP: 5/5
  2344 | D:3      | Found a burning altar of Makhleb.
  2598 | D:4      | Found Kudo's Armour Emporium.
  2598 | D:4      | Found Moont's Food Shoppe.
  2919 | D:4      | Found a burning altar of Makhleb.
  2977 | D:4      | Reached XP level 6. HP: 30/48 MP: 3/6
  3325 | D:4      | Reached skill level 4 in Long Blades
  3674 | D:5      | Entered Level 5 of the Dungeon
  3724 | D:5      | Got a pair of pitted boots
  3730 | D:5      | Identified the +2 pair of boots of Curyutae {-Tele +Fly
                  | rN+++ Str-3} (You found it on level 5 of the Dungeon)
  3769 | D:5      | Found a bloodstained altar of Trog.
  3777 | D:5      | Gained mutation: You are partially covered in slimy green
                  | scales. (AC +2) [demonic ancestry]
  3777 | D:5      | Reached XP level 7. HP: 30/54 MP: 4/7
  4083 | D:5      | Reached skill level 5 in Shields
  4112 | D:5      | Reached skill level 5 in Long Blades
  4610 | D:6      | Gained mutation: You regenerate magic rapidly. [demonic
                  | ancestry]
  4610 | D:6      | Reached XP level 8. HP: 52/61 MP: 6/8
  4760 | D:6      | Reached skill level 6 in Long Blades
  4947 | D:6      | Found a snail-covered altar of Cheibriados.
  4971 | D:6      | Found an opulent altar of Gozag.
  5031 | D:6      | Found a staircase to the Ecumenical Temple.
  5040 | Temple   | Entered the Ecumenical Temple
  5046 | Temple   | Became a worshipper of Warmaster Okawaru
  5613 | D:7      | Reached skill level 7 in Long Blades
  5786 | D:7      | Reached * piety under Okawaru
  5911 | D:7      | Reached skill level 5 in Fighting
  6353 | D:8      | Gained mutation: You have a pair of small horns on your
                  | head. [demonic ancestry]
  6353 | D:8      | Reached XP level 9. HP: 52/68 MP: 7/9
  6367 | D:8      | Noticed a two-headed ogre
  6369 | D:8      | Reached skill level 5 in Armour
  6379 | D:8      | HP: 1/68 [two-headed ogre/cursed -1 giant club (4)]
  6381 | D:8      | Demolished by a two-headed ogre

Levels and vault maps discovered:
D:1:      dpeg_arrival_central, layout_basic, grunt_decor_cap,
          hangedman_abyss_or_decor_stabs, minmay_misc_feat_rows,
          minmay_tromino_v4_a
D:2:      layout_loops_corners, first_ration, eino_tiny_chamber,
          hangedman_abyss_or_decor_lesser_grid, kennysheep_generic_room_12
D:3:      layout_rooms, lemuel_crystal_altar, makhleb_blood_cavern_becter
D:4:      layout_rooms, lemuel_coloured_pillars_altar, serial_shops,
          nicolae_shop_crystal, shop, minmay_misc_feat_tiny, minmay_pentangle
D:5:      layout_rooms, lemuel_round_altar, roderic_lattice_a,
          minmay_a_box_with_orc_wizards_in_it
D:6:      layout_cave_pools, lemuel_doored_altar, lemuel_temple_firewalk_a,
          basic_altar
D:7:      layout_basic
D:8:      layout_loops_ring, gammafunk_ghost_necromancy,
          hangedman_pestilent_swarm, sigmund_army
Temple:   eino_temple_rhombus

Skill      XL: |  1  2  3  4  5  6  7  8  9 |
---------------+----------------------------+-----
Armour         | 3 4 5 |  5.1
Shields        | 3 4 5 6 |  6.3
Long Blades    | 2 3 4 5 7 |  7.4
Fighting       | 4 5 |  5.0
Dodging        | |  0.3
Stealth        | |  0.1
Invocations    | |  0.2

Action                   |  1- 3 |  4- 6 |  7- 9 || total
-------------------------+-------+-------+-------++-------
Melee: Long sword        |   102 |   257 |   381 ||   740
       Headbutt          |       |       |     6 ||     6
Invok: Heroism           |       |       |     1 ||     1
  Use: Potion            |     1 |     2 |       ||     3
       Scroll            |       |     4 |     8 ||    12
  Eat: Chunk             |     2 |     5 |     8 ||    15
       Ration            |       |     1 |       ||     1
Armor: Plate armour      |    66 |   196 |   235 ||   497
       Scale mail        |     1 |       |       ||     1
Dodge: Dodged            |    16 |    33 |    43 ||    92
Block: Shield            |    52 |   145 |   185 ||   382
       Rpst.: Long sword |     7 |     7 |    16 ||    30
